 Dungeon Crawl Stone Soup version 0.26-a0-835-g8259106e14 (webtiles) character file.

Game seed: 7072165879884701356

56 kreisler the Vexing (level 3, -1/28 HPs)
             Began as a Gnoll Arcane Marksman on Nov 17, 2020.
             Slain by a goblin (6 damage)
             ... led by Robin
             ... on level 2 of the Dungeon.
             The game lasted 00:08:09 (1147 turns).

kreisler the Vexing (Gnoll Arcane Marksman)         Turns: 1147, Time: 00:08:10

Health: -1/28      AC:  4    Str: 12    XL:     3   Next: 95%
Magic:  7/7        EV: 15    Int: 17    God:
Gold:   50         SH:  0    Dex: 16    Spells: 6/7 levels left

rFire    . . .     SeeInvis .   l - +0 short sword
rCold    . . .     Faith    .   (no shield)
rNeg     . . .     Spirit   .   e - +1 robe
rPois    .         Reflect  .   (no helmet)
rElec    .         Harm     .   g - +0 cloak
rCorr    .         Rampage  .   (no gloves)
MR       .....                  (no boots)
Stlth    ++........             (no amulet)
HPRegen  0.09/turn              f - -4 ring of intelligence (curse)
MPRegen  0.10/turn              c - +6 ring of intelligence

@: no status effects
A: distributed training, fangs 1, strong nose
a: no special abilities


You were on level 2 of the Dungeon.
You visited 1 branch of the dungeon, and saw 2 of its levels.

You collected 50 gold pieces.

Inventory:

Hand Weapons
 a - a +0 shortbow
 l - a +0 short sword (weapon)
Missiles
 d - 6 arrows
Armour
 e - a +1 robe (worn)
 g - a +0 cloak (worn)
Jewellery
 c - a +6 ring of intelligence (right hand)
 f - a cursed -4 ring of intelligence (left hand)
Scrolls
 i - a scroll of remove curse {unknown}
 m - a scroll of enchant weapon {unknown}
Potions
 b - a potion of magic
 h - a potion of resistance
 k - a potion of lignification {unknown}


   Skills:
 + Level 2.6 Fighting
 + Level 1.0 Short Blades
 + Level 1.0 Long Blades
 + Level 1.0 Axes
 + Level 1.0 Maces & Flails
 + Level 1.0 Polearms
 + Level 1.0 Staves
 + Level 1.0 Slings
 + Level 4.6 Bows
 + Level 1.0 Crossbows
 + Level 1.0 Throwing
 + Level 1.0 Armour
 + Level 4.6 Dodging
 + Level 1.0 Stealth
 + Level 1.0 Shields
 + Level 1.0 Unarmed Combat
 + Level 2.9 Spellcasting
 + Level 0.7 Conjurations
 + Level 5.4 Hexes
 + Level 0.7 Summonings
 + Level 0.7 Necromancy
 + Level 0.7 Translocations
 + Level 0.7 Transmutations
 + Level 0.7 Fire Magic
 + Level 0.7 Ice Magic
 + Level 0.7 Air Magic
 + Level 0.7 Earth Magic
 + Level 0.7 Poison Magic
 + Level 1.0 Invocations
 + Level 1.0 Evocations


You had 6 spell levels left.
You knew the following spells:

 Your Spells              Type           Power        Failure   Level
a - Corona                Hex            ###....      1%          1

Your spell library contained the following spells:

 Spells                   Type           Power        Failure   Level
 Slow                     Hex            ###.....     2%          2
 Inner Flame              Hex/Fire       ##......     16%         3
 Portal Projectile        Hex/Tloc       ##....       16%         3
 Cause Fear               Hex            ###.......   19%         4
 Leda's Liquefaction      Hex/Erth       ##........   45%         4


Dungeon Overview and Level Annotations

Branches:
Dungeon (2/15)

Altars:

Annotations:
D:2 Robin


Innate Abilities, Weirdness & Mutations

Your experience applies equally to all skills.
You have very sharp teeth.
Your uncanny sense of smell can sniff out nearby items.


Message History

Robin roars a battlecry!
The goblins go into a battle-frenzy!
The goblin closely misses you. The hobgoblin closely misses you.
The hobgoblin hits you with a cursed -2 club!
* * * LOW HITPOINT WARNING * * *
The goblin closely misses you.
You hit the goblin.
The goblin is almost dead.
The rat misses you. Robin throws the goblin at you!
A goblin comes into view.
The goblin closely misses you. x2; The hobgoblin hits you with a +0 club.
* * * LOW HITPOINT WARNING * * *
The hobgoblin misses you. The goblin hits you.
* * * LOW HITPOINT WARNING * * *
The rat misses you. The goblin misses you. The rat misses you.
You hit the rat. You bite the rat, but do no damage.
The rat is heavily wounded.
The goblin closely misses you. The goblin hits you.
You die...

........#.##..#.#.[....#
..............#.##.#####
.........(.....(##.#
......()...(....##.#
.####...........##.#
#...........##.#
###.........##.# #
#........g##.....
#....(...g@#.....
#.......ggrg......
####.####.g....... ...#
+......... #####
#.gg....## ###.g#+##
g<.. ..... ...##


You could see Robin, 3 hobgoblins, 6 goblins and a rat.

Vanquished Creatures
  An adder (D:2)
  2 dart slugs (D:1)
  2 leopard geckos (D:1)
  3 bats (D:1)
  2 giant cockroaches
  5 hobgoblins
  3 jackals (D:2)
  2 frilled lizards
  4 goblins
  7 kobolds
  9 rats
40 creatures vanquished.

Notes
Turn   | Place    | Note
-------+----------+-------------------------------------------
     0 | D:1      | kreisler the Gnoll Arcane Marksman began the quest for the
                  | Orb.
     0 | D:1      | Reached XP level 1. HP: 17/17 MP: 4/4
    66 | D:1      | Reached XP level 2. HP: 23/23 MP: 5/5
   438 | D:1      | Reached XP level 3. HP: 28/28 MP: 7/7
   856 | D:2      | Reached skill level 1 in Invocations
  1073 | D:2      | Reached skill level 1 in Short Blades
  1073 | D:2      | Reached skill level 1 in Long Blades
  1073 | D:2      | Reached skill level 1 in Axes
  1073 | D:2      | Reached skill level 1 in Maces & Flails
  1073 | D:2      | Reached skill level 1 in Polearms
  1073 | D:2      | Reached skill level 1 in Staves
  1073 | D:2      | Reached skill level 1 in Slings
  1073 | D:2      | Reached skill level 1 in Crossbows
  1073 | D:2      | Reached skill level 1 in Throwing
  1073 | D:2      | Reached skill level 1 in Armour
  1073 | D:2      | Reached skill level 1 in Stealth
  1073 | D:2      | Reached skill level 1 in Shields
  1073 | D:2      | Reached skill level 1 in Unarmed Combat
  1073 | D:2      | Reached skill level 1 in Evocations
  1138 | D:2      | Noticed Robin
  1147 | D:2      | Slain by a goblin

Illustrated notes

Levels and vault maps discovered:
D:1:      elethiomel_arrival_diamonds, layout_basic
D:2:      minmay_door_path, layout_basic, makhleb_blood_cavern_becter,
          uniq_natasha, uniq_robin

Skill      XL: |  1  2  3 |
---------------+----------+-----
Invocations    | 1 |  1.0
Short Blades   | 1 |  1.0
Long Blades    | 1 |  1.0
Axes           | 1 |  1.0
Maces & Flails | 1 |  1.0
Polearms       | 1 |  1.0
Staves         | 1 |  1.0
Slings         | 1 |  1.0
Crossbows      | 1 |  1.0
Throwing       | 1 |  1.0
Armour         | 1 |  1.0
Stealth        | 1 |  1.0
Shields        | 1 |  1.0
Unarmed Combat | 1 |  1.0
Evocations     | 1 |  1.0
Fighting       | |  2.6
Bows           | |  4.6
Dodging        | |  4.6
Spellcasting   | |  2.9
Conjurations   | |  0.7
Hexes          | |  5.4
Summonings     | |  0.7
Necromancy     | |  0.7
Translocations | |  0.7
Transmutations | |  0.7
Fire Magic     | |  0.7
Ice Magic      | |  0.7
Air Magic      | |  0.7
Earth Magic    | |  0.7
Poison Magic   | |  0.7

Action                   || total
-------------------------++-------
Melee: Short sword       ||    19
       Bite              ||     2
 Fire: Shortbow          ||    91
  Use: Potion            ||     3
       Scroll            ||     2
Armor: Robe              ||     8
Dodge: Dodged            ||    61

Table legend: (Time is in decaauts)
 A = Elapsed time spent in this place.
 B = Non-inter-level travel time spent in this place.
 C = Inter-level travel time spent in this place.
 D = Time resting spent in this place.
 E = Time spent auto-exploring this place.
 F = Levels seen in this place.
 G = Mean time per level.
                   A        B        C        D        E       F      G
               +--------+--------+--------+--------+--------+-----+--------+
         Total |   1162 |   1162 |      0 |      0 |    777 |   2 |  581.0 |
       Dungeon |   1162 |   1162 |      0 |      0 |    777 |   2 |  581.0 |
               +--------+--------+--------+--------+--------+-----+--------+

Top non-repeatable levels by time:
     D:1: 761 daAuts
     D:2: 401 daAuts
